 Dungeon Crawl Stone Soup version 0.13-a0-2236-g7be3fc8 (webtiles) character file.

11265 M4edhros the Fighter (level 11, -11/73 HPs)
             Began as an Octopode Arcane Marksman on July 4, 2013.
             Was a Priest of Fedhas.
             Shot with an arrow of frost by a centaur (15 damage)
             ... on Level 11 of the Dungeon.
             The game lasted 00:38:06 (12547 turns).

M4edhros the Fighter (Octopode Arcane Marksman)    Turns: 12547, Time: 00:38:06

HP -11/73        AC  1     Str 10 (11) XL: 11   Next: 63%
MP  18/23        EV 12     Int 16 (19) God: Fedhas [***...]
Gold 744         SH  0     Dex 14 (15) Spells:  7 memorised,  4 levels left

Res.Fire  : + . .   See Invis. : +   b - +0 crossbow
Res.Cold  : . . .   Warding    : .   (no shield)
Life Prot.: . . .   Conserve   : .   (helmet restricted)
Res.Poison: .       Res.Corr.  : .   (no amulet)
Res.Elec. : .       Clarity    : .   t - ring of see invisible
Sust.Abil.: . .     Spirit.Shd : .   k - +3 ring of dexterity
Res.Mut.  : .       Stasis     : .   j - ring of protection from fire
Res.Rott. : .       Flight     : .   (no ring)
Saprovore : . . .                    (no ring)
                                     (no ring)
                                     (no ring)
                                     (no ring)

@: somewhat resistant to hostile enchantments, fairly stealthy
A: almost no armour, amphibious, 8 rings, constrict 8, camouflage 1,
deterioration 1, fast metabolism 1, AC +1, Int +1
a: Evolution, Sunlight, Growth, Renounce Religion


You were on level 11 of the Dungeon.
You worshipped Fedhas.
Fedhas was greatly pleased with you.
You were near starving.

You visited 1 branch of the dungeon, and saw 12 of its levels.

You collected 694 gold pieces.

Inventory:

Hand weapons
 b - a +0,+0 crossbow (weapon)
 v - a +2,+0 whip of electrocution
 x - a +1,+0 dagger of protection
Missiles
 c - 30 bolts (quivered)
Armour
 s - a +0 dwarven large shield
Magical devices
 g - a wand of enslavement (5)
 u - a wand of lightning (1)
 y - a wand of fire (9)
 L - a wand of frost (6)
Comestibles
 f - a bread ration
 i - an apple
 o - 3 pears
 G - a rambutan
Scrolls
 a - 3 scrolls of remove curse
 l - 5 scrolls of identify
 m - 2 scrolls of blinking
 n - 2 scrolls of fear
 w - a scroll of amnesia
 E - 4 scrolls of enchant armour {unknown}
Jewellery
 h - an uncursed ring of ice
 j - a ring of protection from fire (on tentacle)
 k - a +3 ring of dexterity (right tentacle)
 t - a ring of see invisible (left tentacle)
Potions
 q - 2 potions of speed
 J - a potion of resistance
Books
 d - a book of Debilitation

   Spells                             Type                      Level
   *Corona                            Hexes                        1
   *Slow                              Hexes                        2
   *Inner Flame                       Hexes/Fire                   3
   Enslavement                        Hexes                        4
   *Cause Fear                        Hexes                        4
   Leda's Liquefaction                Hexes/Earth                  4
 e - a book of Spatial Translocations

   Spells                             Type                      Level
   Apportation                        Translocation                1
   Portal Projectile                  Translocation                2
   *Blink                             Translocation                2
   *Shroud of Golubria                Charms/Translocation         2
   Teleport Other                     Translocation                3
   Passage of Golubria                Translocation                4
 p - a book of Callings

   Spells                             Type                      Level
   Summon Small Mammal                Summoning                    1
   Call Imp                           Summoning                    2
   Call Canine Familiar               Summoning                    3
   Summon Scorpions                   Summoning/Poison             4
   Summon Ice Beast                   Ice/Summoning                4
 z - a book of Conjurations

   Spells                             Type                      Level
   Magic Dart                         Conjuration                  1
   Force Lance                        Conjuration                  2
   Dazzling Spray                     Conjuration/Hexes            3
   Iskenderun's Mystic Blast          Conjuration                  4
   Iskenderun's Battlesphere          Conjuration/Charms           4
   Fulminant Prism                    Conjuration/Hexes            5
 A - a book of Burglary

   Spells                             Type                      Level
   Apportation                        Translocation                1
   *Swiftness                         Charms/Air                   2
   Passwall                           Transmutation/Earth          3
   Passage of Golubria                Translocation                4
   Lee's Rapid Deconstruction         Earth                        5
   Darkness                           Hexes                        7
Miscellaneous
 D - an ornate deck of defence {Flight}


   Skills:
 + Level 9.4 Fighting
 + Level 7.3 Maces & Flails
 + Level 9.3 Crossbows
 - Level 2.0 Dodging
 + Level 5.1 Spellcasting
 + Level 5.9 Hexes
 + Level 9.1 Invocations


You had 4 spell levels left.
You knew the following spells:

 Your Spells              Type           Power        Failure   Level  Hunger
a - Corona                Hex            ###....      1%          1    None
b - Slow                  Hex            ###.....     1%          2    #......
c - Inner Flame           Hex/Fire       ##......     14%         3    ###....
d - Shroud of Golubria    Chrm/Tloc      #.........   24%         2    #......
e - Blink                 Tloc           N/A          24%         2    #......
f - Swiftness             Chrm/Air       #.........   24%         2    #......
g - Cause Fear            Hex            ###.......   14%         4    ####...


Dungeon Overview and Level Annotations

Branches:
Dungeon (12/27)            Temple (0/1) D:5             Orc (0/4) D:9
   Lair (0/8) D:8

Altars:
Ashenzari
Elyvilon
Fedhas
Vehumet
Xom
Jiyva

Portals:
Trove: D:10 (give +5 ice dragon armour)


Innate Abilities, Weirdness & Mutations

You cannot wear most types of armour.
You are amphibious.
You can wear up to eight rings at the same time.
You can use your tentacles to constrict many enemies at once.
Your skin changes colour to match your surroundings (Stlth).
Your rubbery body absorbs attacks (AC +1).
Your mind is acute (Int +1).
Your body is slowly deteriorating.
You have a fast metabolism.


Message History

Confirm with . or Enter, or press ? or * to list all spells.
The centaur looks frightened!
Your wandering mushroom is unaffected.
The centaur struggles to resist.
The centaur shoots an arrow of frost.
The arrow of frost hits your wandering mushroom.
Your wandering mushroom is destroyed!
You feel a little guilty.
The centaur looks more experienced.
The centaur shoots an arrow of frost.
The arrow of frost misses you.
Unknown command.
Unknown command.
Firing (i - inventory. (,) - cycle):
c - 31 bolts (quivered)
Press: ? - help, Shift-Dir - straight line, f/p - centaur
Aim: a centaur, wielding a bow (severely wounded)
You shoot a bolt. The bolt hits the centaur.
The centaur is almost dead.
The centaur shoots an arrow of frost.
The arrow of frost hits you!
* * * LOW HITPOINT WARNING * * *
The centaur shoots an arrow of frost.
The arrow of frost hits you!
You die...
Fedhas appreciates your contribution to the ecosystem.

#..........##....#.
#...........#...ff.
#####.......#......
#......c(.........
#.................
#.................
#.(...............
#((f.......##.####
#@f(....>.........
####........#.#...
#####........#.#...
#.....(((....#.....
#......((..#####...
#.......(..#####...
#.......((.#[(....#
#.....(.(..#......#
###..(#.(...()....#


You could see a centaur and 2 friendly wandering mushrooms.

Vanquished Creatures
  2 hydras (D:11)
  The ghost of M4edhros the Covert, an experienced OpAr of Elyvilon (D:10)
  A wizard (D:9)
  Pikel (D:4)
  Joseph (D:11)
  An ugly thing (D:11)
  2 trolls
  A two-headed ogre (D:11)
  A hungry ghost (D:8)
  A cyclops zombie (D:11)
  A manticore (D:10)
  An ice beast (D:7)
  2 slaves (D:4)
  4 phantoms
  2 ogres (D:11)
  3 orc warriors
  12 centaurs
  Sigmund (D:2)
  A water moccasin (D:11)
  2 giant frogs
  2 big kobolds
  A giant frog skeleton (D:6)
  9 wights
  8 crimson imps
  3 goliath beetles
  A hound zombie (D:7)
  5 hounds
  A hound skeleton (D:4)
  A scorpion (D:7)
  An iguana (D:5)
  4 orc wizards
  9 worker ants
  Ijyb (D:6)
  3 gnolls (D:10)
  7 adders
  A giant centipede (D:9)
  3 giant mites
  An inept feature mimic (D:8)
  A worm (D:11)
  A bat skeleton (D:4)
  A gnoll zombie (D:6)
  2 giant eyeballs
  3 giant geckos
  34 orcs
  3 giant cockroaches
  7 goblins
  8 hobgoblins
  10 jackals
  14 kobolds
  A quokka (D:6)
  2 ball pythons
  18 bats
  A giant gecko zombie (D:8)
  3 giant newts
  A quokka skeleton (D:7)
  17 rats
  A rat skeleton (D:5)
230 creatures vanquished.

Vanquished Creatures (collateral kills)
  2 hill giants (D:11)
  A cyclops (D:11)
  A trapdoor spider zombie (D:10)
  A feature mimic (D:9)
  2 ugly things (D:11)
  A troll (D:9)
  A hungry ghost (D:8)
  A steam dragon (D:7)
  3 ice beasts
  A necrophage (D:7)
  3 orc warriors (D:11)
  2 ogres
  A sky beast (D:11)
  A yellow wasp (D:10)
  2 giant frogs
  A water moccasin zombie (D:10)
  2 wights (D:8)
  A crimson imp (D:9)
  A goliath beetle (D:11)
  2 orc wizards (D:11)
  4 sheep (D:11)
  An iguana (D:11)
  8 jellies
  8 orcs
  3 jackals (D:10)
  A giant gecko (D:8)
  A kobold (D:8)
56 creatures vanquished.

Vanquished Creatures (others)
  11 wandering mushrooms
  An orc (D:9)
  A kobold (D:4)
  A bat (D:7)
  A giant newt (D:1)
  2 giant spores (D:7)
  A goblin (D:4)
  124 toadstools
142 creatures vanquished.

Grand Total: 428 creatures vanquished

Notes
Turn   | Place    | Note
--------------------------------------------------------------
     0 | D:1      | M4edhros, the Octopode Arcane Marksman, began the quest for the Orb.
     0 | D:1      | Reached XP level 1. HP: 13/13 MP: 1/1
   161 | D:1      | Reached XP level 2. HP: 18/18 MP: 3/3
   552 | D:1      | Reached XP level 3. HP: 20/23 MP: 4/4
  1263 | D:2      | Noticed Sigmund
  1272 | D:2      | Killed Sigmund
  1272 | D:2      | Reached XP level 4. HP: 19/29 MP: 6/6
  1857 | D:2      | Reached XP level 5. HP: 15/35 MP: 7/7
  2177 | D:2      | Found a blossoming altar of Fedhas.
  2185 | D:2      | Became a worshipper of Fedhas Madash
  2322 | D:3      | Gained mutation: Your mind is acute (Int +1). [potion of mutation]
  2322 | D:3      | Gained mutation: Your body is slowly deteriorating. [potion of mutation]
  2322 | D:3      | Gained mutation: You have a fast metabolism. [potion of mutation]
  2400 | D:3      | Reached skill level 4 in Crossbows
  2699 | D:3      | Reached XP level 6. HP: 25/41 MP: 9/9
  2716 | D:3      | Learned a level 2 spell: Slow
  2720 | D:3      | Learned a level 3 spell: Inner Flame
  3357 | D:3      | Acquired Fedhas' first power
  3750 | D:4      | Paralysed by a giant eyeball for 3 turns
  3787 | D:4      | Reached skill level 1 in Invocations
  3838 | D:4      | Reached skill level 5 in Crossbows
  4048 | D:4      | Noticed a phantom
  4104 | D:4      | Killed a phantom
  4104 | D:4      | Reached skill level 5 in Fighting
  4104 | D:4      | Reached XP level 7. HP: 42/46 MP: 10/10
  4143 | D:4      | Noticed a slave
  4144 | D:4      | Noticed a slave
  4144 | D:4      | Noticed a slave
  4164 | D:4      | Killed a slave
  4176 | D:4      | Noticed Pikel
  4193 | D:4      | Killed a slave
  4198 | D:4      | Killed Pikel
  4198 | D:4      | Reached skill level 6 in Crossbows
  4198 | D:4      | Reached XP level 8. HP: 41/53 MP: 10/13
  4199 | D:4      | Noticed a freed slave
  4600 | D:5      | Entered Level 5 of the Dungeon
  4616 | D:5      | Found a staircase to the Ecumenical Temple.
  4734 | D:5      | Reached skill level 1 in Maces & Flails
  5014 | D:5      | Acquired Fedhas' second power
  5057 | D:5      | Found a shattered altar of Ashenzari.
  5599 | D:6      | Found a radiant altar of Vehumet.
  5599 | D:6      | Found a shimmering altar of Xom.
  5640 | D:6      | Noticed Ijyb
  5650 | D:6      | Killed Ijyb
  5794 | D:6      | Found a white marble altar of Elyvilon.
  6107 | D:6      | Reached skill level 5 in Invocations
  6396 | D:7      | Reached XP level 9. HP: 18/59 MP: 16/16
  6984 | D:8      | Found a staircase to the Lair.
  7031 | D:8      | Acquired Fedhas' third power
  7041 | D:8      | Found a staircase to the Orcish Mines.
  7047 | D:8      | the staircase to the Orcish Mines was a mimic.
  7247 | D:8      | Reached skill level 7 in Fighting
  7431 | D:8      | Learned a level 2 spell: Shroud of Golubria
  7434 | D:8      | Learned a level 2 spell: Blink
  7985 | D:9      | Paralysed by a giant eyeball for 2 turns
  8156 | D:9      | HP: 2/60 [door mimic (2)]
  8160 | D:9      | Killed a door mimic
  8488 | D:9      | Noticed a wizard
  8498 | D:9      | Killed a wizard
  8498 | D:9      | Reached XP level 10. HP: 40/66 MP: 20/20
  8637 | D:9      | Learned a level 2 spell: Swiftness
  8677 | D:9      | Reached skill level 5 in Maces & Flails
  8720 | D:9      | Found a staircase to the Orcish Mines.
  9004 | D:10     | Entered Level 10 of the Dungeon
  9027 | D:10     | Acquired Fedhas' fourth power
  9364 | D:10     | Reached skill level 8 in Fighting
  9524 | D:10     | Noticed M4edhros' ghost (experienced OpAr)
  9553 | D:10     | Killed M4edhros' ghost
  9929 | D:10     | Found a portal to a secret trove of treasure.
 10156 | D:11     | Noticed a hill giant
 10171 | D:11     | Killed a hill giant
 10364 | D:11     | Reached XP level 11. HP: 25/72 MP: 22/22
 10558 | D:11     | Noticed a hill giant
 10652 | D:11     | Reached skill level 5 in Hexes
 10659 | D:11     | Killed a hill giant
 10838 | D:11     | Learned a level 4 spell: Cause Fear
 10873 | D:11     | Found a viscous altar of Jiyva.
 10953 | D:11     | Noticed a seven-headed hydra
 10963 | D:11     | Killed a seven-headed hydra
 10963 | D:11     | Reached skill level 9 in Fighting
 11291 | D:11     | Noticed Joseph
 11320 | D:11     | Killed Joseph
 11412 | D:11     | Noticed an eight-headed hydra
 11427 | D:11     | Killed an eight-headed hydra
 11473 | D:11     | Noticed a cyclops
 11491 | D:11     | Killed a cyclops
 11758 | D:11     | Reached skill level 5 in Spellcasting
 12547 | D:11     | Shot with an arrow of frost by a centaur

Action                   |  1- 3 |  4- 6 |  7- 9 | 10-12 || total
-------------------------+-------+-------+-------+-------++-------
Melee: Unarmed           |    22 |    44 |       |       ||    66
       Flail             |       |    63 |    18 |       ||    81
       Crossbow          |       |     2 |       |     4 ||     6
       Whip              |       |       |   202 |    71 ||   273
 Fire: Crossbow          |    44 |    47 |     1 |   178 ||   270
 Cast: Slow              |       |       |       |     4 ||     4
       Swiftness         |       |       |       |     2 ||     2
       Cause Fear        |       |       |       |     4 ||     4
Invok: Evolution         |       |       |     2 |    11 ||    13
Evoke: Wand              |       |       |    11 |     7 ||    18
  Use: Potion            |     2 |     2 |     7 |     3 ||    14
       Scroll            |       |     7 |    10 |     8 ||    25
 Stab: Sleeping          |     1 |     3 |     7 |     2 ||    13
